 Dungeon Crawl Stone Soup version 0.25.0-10-g039870ee82 (webtiles) character file.

Game seed: 4012724301259860155

303 shadizar the Shield-Bearer (level 6, -5/43 HPs)
             Began as an Octopode Fighter on June 23, 2020.
             Slain by an ogre
             ... wielding a +0 giant spiked club
              (29 damage)
             ... on level 5 of the Dungeon.
             The game lasted 00:04:15 (2986 turns).

shadizar the Shield-Bearer (Octopode Fighter)       Turns: 2986, Time: 00:04:15

Health: -5/43      AC:  1    Str: 12 (15) XL:     6   Next: 38%
Magic:  6/6        EV: 12    Int: 10      God:
Gold:   145        SH:  9    Dex: 13 (14) Spells: 5/5 levels left

rFire    . . .     SeeInvis .   a - +0 long sword
rCold    . . .     Gourm    .   b - +0 kite shield
rNeg     . . .     Faith    .   (helmet restricted)
rPois    .         Spirit   .   (no amulet)
rElec    .         Reflect  .   (no ring)
rCorr    .         Harm     .   (no ring)
MR       .....                  (no ring)
Stlth    +++.......             (no ring)
HPRegen  0.14/turn              (no ring)
MPRegen  0.10/turn              (no ring)
                                (no ring)
                                (no ring)

@: no status effects
A: almost no armour, stealthy swim, amphibious, 8 rings, constrict 8, camouflage
1, gelatinous body 1
a: no special abilities


You were on level 5 of the Dungeon.
You were not hungry.

You visited 1 branch of the dungeon, and saw 5 of its levels.

You collected 145 gold pieces.

Inventory:

Hand Weapons
 a - a +0 long sword (weapon)
Armour
 b - a +0 kite shield (worn)
Jewellery
 h - an uncursed ring of ice
Scrolls
 n - 2 scrolls of fog {unknown}
 o - 2 scrolls of identify {unknown}
 p - a scroll of blinking {unknown}
Potions
 c - a potion of might
 e - a potion of heal wounds {unknown}
 g - 3 potions of mutation {unknown}
 i - 3 potions of degeneration
 l - a potion of curing
 m - 2 potions of lignification {unknown}
Comestibles
 d - 5 rations


   Skills:
 + Level 4.0 Fighting
 + Level 3.3 Long Blades
 + Level 4.0 Dodging
 + Level 3.7 Stealth
 + Level 4.1 Shields


You had 5 spell levels left.
You didn't know any spells.
Your spell library was empty.

Dungeon Overview and Level Annotations

Branches:
Dungeon (5/15)
 Temple: D:4-7

Altars:
Sif Muna
Xom

Annotations:
D:3 Sigmund
D:4 Menkaure, Natasha


Innate Abilities, Weirdness & Mutations

You cannot wear most types of armour.
You are very stealthy in the water. (Stealth+)
You are amphibious.
You can wear up to eight rings at the same time.
You can use your tentacles to constrict eight enemies at once.
Your skin changes colour to match your surroundings (Stealth+).
Your rubbery body absorbs attacks. (AC +1, EV +1)


Message History

An orc comes into view. It is wielding a +0 short sword.
Found 13 gold pieces.
An ogre comes into view. It is wielding a +0 giant spiked club.
You hit the orc. Your grab misses the orc.
The orc is almost dead.
The orc barely misses you.
You slash the orc!
You kill the orc!
Things that are here:
a +0 short sword; a +0 leather armour The ogre shouts!
You hear a shout! x3
Things that are here:
a +0 short sword; a +0 leather armour You hit the ogre but do no damage.
Your squeeze misses the ogre.
The ogre hits you with a +0 giant spiked club!!
You barely miss the ogre. You squeeze the ogre.
The ogre is lightly wounded.
The ogre hits you with a +0 giant spiked club!!
Ouch! That really hurt!
You die...

#######.# #.# #.# #.#
####.## ### #.....#
..# ###.###.# #.#
#...# #O# #.#
#.#.###@##
###.####.#......#
#..............#######
#.#.#####.##..........
#.#.# #.###..#######
###.#.# #.# #..# ###
......#####.###..# #..
###.####.##......##
#.# #.###.#.###.....##
#.###


You could see an ogre.

Vanquished Creatures
  A centaur (D:5)
  An orc wizard (D:3)
  Jessica (D:2)
  6 gnolls
  2 adders (D:2)
  2 worms
  A dart slug (D:2)
  3 leopard geckos
  7 orcs
  7 bats
  8 giant cockroaches
  10 goblins
  6 hobgoblins
  8 jackals
  3 ball pythons
  4 frilled lizards
  5 kobolds
  A leopard gecko skeleton (D:4)
  11 rats
87 creatures vanquished.

Notes
Turn   | Place    | Note
-------+----------+-------------------------------------------
     0 | D:1      | shadizar the Octopode Fighter began the quest for the Orb.
     0 | D:1      | Reached XP level 1. HP: 16/16 MP: 1/1
   362 | D:1      | Reached XP level 2. HP: 21/21 MP: 2/2
   403 | D:1      | Reached skill level 1 in Stealth
   937 | D:2      | Reached XP level 3. HP: 26/26 MP: 3/3
  1084 | D:2      | Noticed Jessica
  1089 | D:2      | Killed Jessica
  1089 | D:2      | Reached XP level 4. HP: 31/31 MP: 4/4
  1449 | D:2      | Reached XP level 5. HP: 20/36 MP: 5/5
  2350 | D:3      | Noticed Sigmund
  2433 | D:4      | Noticed Menkaure
  2539 | D:4      | Found a shimmering blue altar of Sif Muna.
  2638 | D:4      | Noticed Natasha
  2642 | D:5      | Entered Level 5 of the Dungeon
  2709 | D:5      | Found a shimmering altar of Xom.
  2710 | D:5      | Noticed a centaur
  2719 | D:5      | Killed a centaur
  2719 | D:5      | Reached XP level 6. HP: 25/43 MP: 6/6
  2986 | D:5      | Slain by an ogre

Illustrated notes

Levels and vault maps discovered:
D:1:      minmay_arrival_four_loops, layout_loops_ring, grunt_decor_one_mirror
D:2:      layout_basic, first_ration, uniq_jessica
D:3:      layout_basic, lemuel_crystal_altar, evilmike_ruin_ashenzari,
          uniq_sigmund
D:4:      layout_basic, lemuel_coloured_pillars_altar,
          minmay_temple_entry_metal_lava, uniq_menkaure, uniq_natasha
D:5:      layout_loops_corners, basic_altar, uniq_prince_ribbit1, uniq_ijyb,
          uniq_edmund

Skill      XL: |  1  2  3  4  5 |
---------------+----------------+-----
Stealth        | 1 2 3 |  3.7
Long Blades    | 3 |  3.3
Fighting       | 4 |  4.0
Dodging        | 4 |  4.0
Shields        | 4 |  4.1

Action                   |  1- 3 |  4- 6 || total
-------------------------+-------+-------++-------
Melee: Long sword        |    42 |   106 ||   148
       Constrict         |    12 |    33 ||    45
       Tentacles         |     8 |    19 ||    27
  Use: Potion            |       |     2 ||     2
       Scroll            |       |     1 ||     1
 Stab: Sleeping          |     6 |    12 ||    18
  Eat: Chunk             |     1 |     6 ||     7
Armor: Skin              |     4 |     3 ||     7
Dodge: Dodged            |    17 |    49 ||    66
Block: Kite shield       |    16 |    37 ||    53
       Rpst.: Long sword |     4 |    18 ||    22
